| TOP OF THE 1ST |
|
Altoona Curve batting - Pitching for Colorado (EL) Rockies : RHP Andrew Ferrell
|
|
Pitching: RHP Andrew Ferrell
|
|
|
Batting: LHB Sammy Roddenberry
|
0-0: Ball 1-0: Ball 2-0: Bunt missed! 2-1: Ball 3-1: Base on Balls
|
|
Batting: LHB Phil DeCamp
|
0-0: Ball 1-0: Called Strike 1-1: Fly out, F9 (Line Drive, 9, EV 98.1 MPH)
|
|
Batting: LHB Nick Rooney
|
0-0: Called Strike Sammy Roddenberry is caught stealing 2nd base 2-6 0-1: Foul Ball, location: 2F 0-2: Ball 1-2: Ball 2-2: Ball 3-2: Base on Balls
|
|
Batting: LHB Ruben Garza
|
0-0: Called Strike 0-1: Swinging Strike 0-2: Ball 1-2: Ground out U3 (Groundball, 3L, EV 85.6 MPH)
|
| Top of the 1st over - 0 runs, 0 hits, 0 errors, 1 left on base; Altoona 0 - Colorado (EL) 0 |
| BOTTOM OF THE 1ST |
|
Colorado (EL) Rockies batting - Pitching for Altoona Curve : RHP Jeremy Parsnip
|
|
Pitching: RHP Jeremy Parsnip
|
|
|
Batting: RHB Juan Figueroa
|
0-0: Ball 1-0: Ball 2-0: Swinging Strike 2-1: Swinging Strike 2-2: Strikes out swinging
|
|
Batting: LHB Daniel Green
|
0-0: Fly out, F8 (Flyball, 8LD, EV 91.9 MPH)
|
|
Batting: RHB Doug D'Onofrio
|
0-0: Ball 1-0: Foul Ball, location: 2F 1-1: Ball 2-1: Ball 3-1: SINGLE (Flyball, 3D, EV 101.2 MPH)
|
|
Batting: RHB Ray Insley
|
0-0: Ball 1-0: Called Strike 1-1: Ground out 4-3 (Groundball, 13, EV 87.5 MPH)
|
| Bottom of the 1st over - 0 runs, 1 hit, 0 errors, 1 left on base; Altoona 0 - Colorado (EL) 0 |
| TOP OF THE 2ND |
|
Altoona Curve batting - Pitching for Colorado (EL) Rockies : RHP Andrew Ferrell
|
|
Batting: RHB Freddy Quintero
|
0-0: Swinging Strike 0-1: Foul Ball, location: 2F 0-2: Ball 1-2: Strikes out swinging
|
|
Batting: RHB Richard Barrios
|
0-0: Called Strike 0-1: Foul Ball, location: 2F 0-2: Ball 1-2: Ball 2-2: Foul Ball, location: 2F 2-2: Ball 3-2: Ground out 6-3 (Groundball, 6, EV 91.2 MPH)
|
|
Batting: RHB Jordan Robinson
|
0-0: Ball 1-0: Ball 2-0: Fly out, F4 (Popup, 4D, EV 49.4 MPH)
|
| Top of the 2nd over - 0 runs, 0 hits, 0 errors, 0 left on base; Altoona 0 - Colorado (EL) 0 |
| BOTTOM OF THE 2ND |
|
Colorado (EL) Rockies batting - Pitching for Altoona Curve : RHP Jeremy Parsnip
|
|
Batting: RHB Chris Osting
|
0-0: Ball 1-0: Ball 2-0: Ball 3-0: Called Strike 3-1: Fly out, F9 (Flyball, 9LMF, EV 108.8 MPH)
|
|
Batting: LHB Iehohs Inatho
|
0-0: Foul Ball, location: 2F 0-1: Foul Ball, location: 2F 0-2: Ball 1-2: Foul Ball, location: 2F 1-2: Fly out, F8 (Flyball, 8RD, EV 102.5 MPH)
|
|
Batting: RHB Maurice Moore
|
0-0: Foul Ball, location: 2F 0-1: Called Strike 0-2: Ground out 4-3 (Groundball, 4, EV 104.4 MPH)
|
| Bottom of the 2nd over - 0 runs, 0 hits, 0 errors, 0 left on base; Altoona 0 - Colorado (EL) 0 |
| TOP OF THE 3RD |
|
Altoona Curve batting - Pitching for Colorado (EL) Rockies : RHP Andrew Ferrell
|
|
Batting: SHB Curtis Thompson
|
0-0: Ground out 4-3 (Groundball, 4, EV 106.2 MPH)
|
|
Batting: RHB Pleun Smit
|
0-0: Ball 1-0: Ground out 6-3 (Groundball, 6, EV 82.5 MPH)
|
|
Batting: LHB Sammy Roddenberry
|
0-0: Ball 1-0: Called Strike 1-1: Foul Ball, location: 2F 1-2: Ball 2-2: Ground out 6-3 (Groundball, 6M, EV 81.9 MPH)
|
| Top of the 3rd over - 0 runs, 0 hits, 0 errors, 0 left on base; Altoona 0 - Colorado (EL) 0 |
| BOTTOM OF THE 3RD |
|
Colorado (EL) Rockies batting - Pitching for Altoona Curve : RHP Jeremy Parsnip
|
|
Batting: LHB Harry Folsom
|
0-0: Ground out 5-3 (Groundball, 56D, EV 107.5 MPH)
|
|
Batting: RHB Pei Xie
|
0-0: SINGLE (Groundball, 56S, EV 75.6 MPH) (infield hit)
|
|
Batting: RHB Juan Figueroa
|
0-0: Swinging Strike 0-1: Foul Ball, location: 2F 0-2: Foul Ball, location: 2F 0-2: Ball 1-2: Strikes out looking
|
|
Batting: LHB Daniel Green
|
0-0: Ball Pei Xie steals 2nd base 1-0: Ball 2-0: Ball 3-0: Called Strike 3-1: SINGLE (Groundball, 5S, EV 62.5 MPH) (infield hit) Pei Xie to third
|
|
Batting: RHB Doug D'Onofrio
|
0-0: Swinging Strike 0-1: 3-RUN HOME RUN (Flyball, 78XD, EV 104.4 MPH), Distance : 394 ft
|
|
Batting: RHB Ray Insley
|
0-0: Ball 1-0: Called Strike 1-1: Ball 2-1: Foul Ball, location: 2F 2-2: Ball 3-2: Foul Ball, location: 2F 3-2: Ground out 4-3 (Groundball, 4M, EV 76.2 MPH)
|
| Bottom of the 3rd over - 3 runs, 3 hits, 0 errors, 0 left on base; Altoona 0 - Colorado (EL) 3 |
| TOP OF THE 4TH |
|
Altoona Curve batting - Pitching for Colorado (EL) Rockies : RHP Andrew Ferrell
|
|
Batting: LHB Phil DeCamp
|
0-0: Ball 1-0: Called Strike 1-1: Ball 2-1: Foul Ball, location: 2F 2-2: Foul Ball, location: 2F 2-2: Ball 3-2: Fly out, F8 (Flyball, 8LM, EV 96.2 MPH)
|
|
Batting: LHB Nick Rooney
|
0-0: Ball 1-0: Ball 2-0: Ball 3-0: Called Strike 3-1: Called Strike 3-2: Fly out, F6 (Popup, 6D, EV 50.0 MPH)
|
|
Batting: LHB Ruben Garza
|
0-0: Ball 1-0: Called Strike 1-1: Ball 2-1: Foul Ball, location: 2F 2-2: DOUBLE (Flyball, 8LXD, EV 105.0 MPH)
|
|
Batting: RHB Freddy Quintero
|
0-0: SINGLE (Groundball, 6MS, EV 71.2 MPH) (infield hit) Ruben Garza to third
|
|
Batting: RHB Richard Barrios
|
0-0: Called Strike 0-1: Ball 1-1: Ball 2-1: Fly out, F9 (Flyball, 9D, EV 94.4 MPH)
|
| Top of the 4th over - 0 runs, 2 hits, 0 errors, 2 left on base; Altoona 0 - Colorado (EL) 3 |
| BOTTOM OF THE 4TH |
|
Colorado (EL) Rockies batting - Pitching for Altoona Curve : RHP Jeremy Parsnip
|
|
Batting: RHB Chris Osting
|
0-0: Ball 1-0: SINGLE (Groundball, 56D, EV 98.1 MPH)
|
|
Batting: LHB Iehohs Inatho
|
0-0: Ball 1-0: Foul Ball, location: 2F 1-1: Foul Ball, location: 2F 1-2: Strikes out swinging
|
|
Batting: RHB Maurice Moore
|
0-0: Called Strike 0-1: DOUBLE (Line Drive, 89XD, EV 108.1 MPH) Chris Osting to third
|
|
Batting: LHB Harry Folsom
|
0-0: DOUBLE (Line Drive, 9LD, EV 109.4 MPH) Chris Osting scores Maurice Moore scores
|
|
Batting: RHB Pei Xie
|
0-0: DOUBLE (Flyball, 78D, EV 95.0 MPH) Harry Folsom scores
|
|
Pitching: RHP Shinya Ito
|
|
|
Batting: RHB Juan Figueroa
|
0-0: Foul Ball, location: 2F 0-1: Ball 1-1: Ball 2-1: Foul Ball, location: 2F 2-2: Fly out, F9 (Flyball, 89M, EV 94.4 MPH)
|
|
Batting: LHB Daniel Green
|
0-0: Ball 1-0: Foul Ball, location: 2F 1-1: Foul Ball, location: 2F 1-2: Foul Ball, location: 2F 1-2: Ball 2-2: Foul Ball, location: 2F 2-2: Foul Ball, location: 2F 2-2: Ground out 4-3 (Groundball, 4, EV 76.2 MPH)
|
| Bottom of the 4th over - 3 runs, 4 hits, 0 errors, 1 left on base; Altoona 0 - Colorado (EL) 6 |
| TOP OF THE 5TH |
|
Altoona Curve batting - Pitching for Colorado (EL) Rockies : RHP Andrew Ferrell
|
|
Batting: RHB Jordan Robinson
|
0-0: Ground out 6-3 (Groundball, P, EV 81.9 MPH)
|
|
Batting: SHB Curtis Thompson
|
0-0: Called Strike 0-1: Swinging Strike 0-2: Ball 1-2: Strikes out swinging
|
|
Batting: RHB Pleun Smit
|
0-0: Foul Ball, location: 2F 0-1: Fly out, F7 (Line Drive, 7S, EV 108.1 MPH)
|
| Top of the 5th over - 0 runs, 0 hits, 0 errors, 0 left on base; Altoona 0 - Colorado (EL) 6 |
| BOTTOM OF THE 5TH |
|
Colorado (EL) Rockies batting - Pitching for Altoona Curve : RHP Shinya Ito
|
|
Batting: RHB Doug D'Onofrio
|
0-0: Called Strike 0-1: Ball 1-1: Fly out, F8 (Flyball, 8RD, EV 86.2 MPH)
|
|
Batting: RHB Ray Insley
|
0-0: Called Strike 0-1: Ball 1-1: Ground out 6-3 (Groundball, 6, EV 90.0 MPH)
|
|
Batting: RHB Chris Osting
|
0-0: SOLO HOME RUN (Flyball, 7D, EV 98.1 MPH), Distance : 361 ft
|
|
Batting: LHB Iehohs Inatho
|
0-0: Called Strike 0-1: Ball 1-1: Ball 2-1: Foul Ball, location: 2F 2-2: Ball 3-2: Fly out, F8 (Flyball, 8LM, EV 81.9 MPH)
|
| Bottom of the 5th over - 1 run, 1 hit, 0 errors, 0 left on base; Altoona 0 - Colorado (EL) 7 |
| TOP OF THE 6TH |
|
Altoona Curve batting - Pitching for Colorado (EL) Rockies : RHP Andrew Ferrell
|
|
Pitching: RHP Terry Sterling
|
|
|
Batting: LHB Sammy Roddenberry
|
0-0: Ball 1-0: Fly out, F7 (Flyball, 7, EV 83.1 MPH)
|
|
Batting: LHB Phil DeCamp
|
0-0: Ball 1-0: Called Strike 1-1: Called Strike 1-2: Foul Ball, location: 2F 1-2: Ground out 4-3 (Groundball, 4, EV 81.2 MPH)
|
|
Batting: LHB Nick Rooney
|
0-0: Ball 1-0: Fly out, F6 (Popup, 6, EV 76.9 MPH)
|
| Top of the 6th over - 0 runs, 0 hits, 0 errors, 0 left on base; Altoona 0 - Colorado (EL) 7 |
| BOTTOM OF THE 6TH |
|
Colorado (EL) Rockies batting - Pitching for Altoona Curve : RHP Shinya Ito
|
|
Batting: RHB Maurice Moore
|
0-0: Ground out 4-3 (Groundball, 4, EV 86.2 MPH)
|
|
Batting: LHB Harry Folsom
|
0-0: Ball 1-0: Ball 2-0: Ground out 5-3 (Groundball, 56, EV 85.6 MPH)
|
|
Batting: RHB Pei Xie
|
0-0: Foul Ball, location: 2F 0-1: Swinging Strike 0-2: Strikes out looking
|
| Bottom of the 6th over - 0 runs, 0 hits, 0 errors, 0 left on base; Altoona 0 - Colorado (EL) 7 |
| TOP OF THE 7TH |
|
Altoona Curve batting - Pitching for Colorado (EL) Rockies : RHP Terry Sterling
|
|
Batting: LHB Ruben Garza
|
0-0: Called Strike 0-1: Foul Ball, location: 2F 0-2: Ball 1-2: Foul Ball, location: 2F 1-2: Ground out U3 (Groundball, 3, EV 81.9 MPH)
|
|
Batting: RHB Freddy Quintero
|
0-0: Called Strike 0-1: Ball 1-1: Ball 2-1: Foul Ball, location: 2F 2-2: Foul Ball, location: 2F 2-2: Ball 3-2: Foul Ball, location: 2F 3-2: Strikes out swinging
|
|
Batting: RHB Richard Barrios
|
0-0: Ball 1-0: Foul Ball, location: 2F 1-1: Ball 2-1: Ball 3-1: Base on Balls
|
|
Batting: RHB Jordan Robinson
|
0-0: Ball 1-0: Ball 2-0: Ball 3-0: Base on Balls Richard Barrios to second
|
|
Pitching: LHP Jared Lummus
|
|
|
Batting: SHB Curtis Thompson
|
0-0: Called Strike 0-1: Foul Ball, location: 2F 0-2: Strikes out swinging
|
| Top of the 7th over - 0 runs, 0 hits, 0 errors, 2 left on base; Altoona 0 - Colorado (EL) 7 |
| BOTTOM OF THE 7TH |
|
Colorado (EL) Rockies batting - Pitching for Altoona Curve : RHP Shinya Ito
|
|
Batting: RHB Juan Figueroa
|
0-0: Ball 1-0: Ball 2-0: Fly out, F1 (Line Drive, P, EV 68.1 MPH)
|
|
Batting: LHB Daniel Green
|
0-0: Ball 1-0: Ball 2-0: Called Strike 2-1: Fly out, F8 (Line Drive, 8LM, EV 104.4 MPH)
|
|
Batting: RHB Doug D'Onofrio
|
0-0: Swinging Strike 0-1: Ball 1-1: SINGLE (Flyball, 8LS, EV 88.1 MPH)
|
|
Batting: RHB Ray Insley
|
0-0: Ball 1-0: Ball 2-0: Foul Ball, location: 2F 2-1: Ball 3-1: 2-RUN HOME RUN (Flyball, 9D, EV 97.5 MPH), Distance : 362 ft
|
|
Batting: RHB Chris Osting
|
0-0: Foul Ball, location: 2F 0-1: Called Strike 0-2: Ball 1-2: Strikes out swinging
|
| Bottom of the 7th over - 2 runs, 2 hits, 0 errors, 0 left on base; Altoona 0 - Colorado (EL) 9 |
| TOP OF THE 8TH |
|
Altoona Curve batting - Pitching for Colorado (EL) Rockies : LHP Jared Lummus
|
|
Batting: RHB Pleun Smit
|
0-0: Ball 1-0: Foul Ball, location: 2F 1-1: Ball 2-1: Swinging Strike 2-2: Foul Ball, location: 2F 2-2: Foul Ball, location: 2F 2-2: Foul Ball, location: 2F 2-2: Ground out 4-3 (Groundball, 4, EV 103.1 MPH)
|
|
Pinch Hitting: RHB Etsuro Hosokawa
|
0-0: Called Strike 0-1: Ball 1-1: Swinging Strike 1-2: Ball 2-2: Ball 3-2: Strikes out swinging
|
|
Batting: LHB Phil DeCamp
|
0-0: Ball 1-0: Called Strike 1-1: Foul Ball, location: 2F 1-2: Ball 2-2: Foul Ball, location: 2F 2-2: Foul Ball, location: 2F 2-2: SINGLE (Flyball, 5D, EV 90.0 MPH)
|
|
Batting: LHB Nick Rooney
|
0-0: Called Strike 0-1: Called Strike 0-2: Strikes out looking
|
| Top of the 8th over - 0 runs, 1 hit, 0 errors, 1 left on base; Altoona 0 - Colorado (EL) 9 |
| BOTTOM OF THE 8TH |
|
Colorado (EL) Rockies batting - Pitching for Altoona Curve : RHP Shinya Ito
|
|
Pitching: LHP Don Quiponch
|
|
|
Now in LF: Etsuro Hosokawa
|
|
|
Batting: LHB Iehohs Inatho
|
0-0: Swinging Strike 0-1: Foul Ball, location: 2F 0-2: Ball 1-2: Ball 2-2: Ball 3-2: Strikes out swinging
|
|
Batting: RHB Maurice Moore
|
0-0: Called Strike 0-1: Ground out 1-3 (Groundball, 34S, EV 69.4 MPH)
|
|
Batting: LHB Harry Folsom
|
0-0: Ball 1-0: Ball 2-0: Ball 3-0: Base on Balls
|
|
Batting: RHB Pei Xie
|
0-0: Called Strike 0-1: Ball 1-1: Called Strike 1-2: Strikes out swinging
|
| Bottom of the 8th over - 0 runs, 0 hits, 0 errors, 1 left on base; Altoona 0 - Colorado (EL) 9 |
| TOP OF THE 9TH |
|
Altoona Curve batting - Pitching for Colorado (EL) Rockies : LHP Jared Lummus
|
|
Batting: LHB Ruben Garza
|
0-0: Swinging Strike 0-1: Ball 1-1: Foul Ball, location: 2F 1-2: Strikes out swinging
|
|
Batting: RHB Freddy Quintero
|
0-0: Foul Ball, location: 2F 0-1: Ball 1-1: Called Strike 1-2: Ball 2-2: Strikes out swinging
|
|
Batting: RHB Richard Barrios
|
0-0: Called Strike 0-1: Fly out, F8 (Flyball, 8RS, EV 81.2 MPH)
|
| Top of the 9th over - 0 runs, 0 hits, 0 errors, 0 left on base; Altoona 0 - Colorado (EL) 9 |
|